 Dungeon Crawl Stone Soup version 0.30-a0-719-gcc4359ea44 (webtiles) character file.

Game seed: 7525626240553005761

16100 demibob the Cruncher (level 12, -10/96 HPs)
             Began as a Demonspawn Gladiator on Jan 27, 2023.
             Was an Elder of Kikubaaqudgha.
             Mangled by a white ugly thing (24 damage)
             ... on level 11 of the Dungeon.
             The game lasted 00:20:25 (12056 turns).

demibob the Cruncher (Demonspawn Gladiator)        Turns: 12056, Time: 00:20:26

Health: -10/96     AC: 15    Str: 15    XL:     12   Next: 7%
Magic:  12/12      EV: 13    Int: 10    God:    Kikubaaqudgha [****..]
Gold:   1257       SH:  0    Dex: 19    Spells: 11/11 levels left

rFire   . . .      SeeInvis .    a - +4 quarterstaff (speed)
rCold   . . .      Faith    .    (shield currently unavailable)
rNeg    + . .      Spirit   .    s - +4 ring mail {rN+}
rPois   .          Reflect  .    (helmet unavailable)
rElec   .          Harm     .    w - +0 cloak
rCorr   .          Rampage  .    y - +0 pair of gloves
Will    .....                    c - +0 pair of boots
Stlth   +                        (no amulet)
HPRegen 0.36/turn                L - ring of flight
MPRegen 0.13/turn                (no ring)

@: flying
A: horns 3, rugged brown scales 2, powered by death 2
a: Renounce Religion, Unearth Wretches


You were on level 11 of the Dungeon.
You worshipped Kikubaaqudgha.
Kikubaaqudgha was greatly pleased with you.
You visited 3 branches of the dungeon, and saw 14 of its levels.
You also visited: Ossuary.

You collected 1257 gold pieces.


Innate Abilities, Weirdness & Mutations

You have a pair of large horns on your head.
You are mostly covered in rugged brown scales. (AC +2, +5% HP)
You regenerate health from kills.


   Skills:
 - Level 8.0 Fighting
 - Level 14.0 Staves
 - Level 1.7 Throwing
 - Level 3.6 Armour
 + Level 4.9 Dodging
 - Level 9.2 Necromancy


You had 11 spell levels left.
You didn't know any spells.
Your spell library contained the following spells:

 Spells                   Type           Power      Damage    Failure   Level
 Necrotise                Necr           72%        1d7       1%          1
 Sublimation of Blood     Necr           18%        N/A       2%          2
 Kiss of Death            Conj/Necr      36%        2d8       11%         1
 Dispel Undead            Necr           18%        3d11      17%         4
 Cigotuvi's Dreadful Rot  Necr/Pois/Air  12%        N/A       32%         2
 Agony                    Necr           18%        N/A       43%         5
 Freeze                   Ice            0%         1d3       58%         1
 Magic Dart               Conj           0%         1d3       58%         1
 Summon Small Mammal      Summ           0%         N/A       58%         1
 Call Imp                 Summ           0%         N/A       73%         2
 Lesser Beckoning         Tloc           0%         N/A       73%         2
 Anguish                  Hex/Necr       4%         N/A       73%         4
 Call Canine Familiar     Summ           0%         N/A       91%         3
 Frozen Ramparts          Ice            0%         1d1       91%         3
 Gell's Gravitas          Tloc           0%         N/A       91%         3
 Hailstorm                Conj/Ice       0%         3d3       91%         3
 Mephitic Cloud           Conj/Pois/Air  0%         N/A       91%         3
 Summon Guardian Golem    Hex/Summ       0%         N/A       91%         3
 Teleport Other           Tloc           0%         N/A       91%         3
 Tukima's Dance           Hex            0%         N/A       91%         3
 Borgnjor's Vile Clutch   Necr/Erth      4%         N/A       97%         5
 Leda's Liquefaction      Hex/Erth       0%         N/A       100%        4
 Passage of Golubria      Tloc           0%         N/A       100%        4
 Iskenderun's Battlesphe  Conj           0%         2d6       100%        5
 Lee's Rapid Deconstruct  Erth           0%         3d4*      100%        5
 Yara's Violent Unravell  Hex/Tmut       0%         3d3       100%        5
 Dispersal                Tloc           0%         N/A       100%        6
 Iron Shot                Conj/Erth      0%         9d1       100%        6
 Statue Form              Tmut/Erth      0%         N/A       100%        6
 Spellforged Servitor     Conj/Summ      0%         N/A       100%        7

Inventory:

Hand Weapons
 a - a +4 quarterstaff of speed (weapon)
 p - a +0 quarterstaff of flaming
Missiles
 d - 3 throwing nets (quivered) {=f}
 e - 4 javelins
 g - 6 atropa-tipped darts
Armour
 c - a +0 pair of boots (worn)
 l - the +1 pair of gloves of Yredelemnul's Anger {*Corrode rF+ rN+ SInv}
   (You found it on level 2 of the Dungeon)

   rF:        It protects you from fire.
   rN:        It protects you from negative energy.
   SInv:      It lets you see invisible.
   *Corrode:  It may corrode you when you take damage.
 s - a +4 ring mail of positive energy (worn)
 w - a +0 cloak (worn)
 y - a +0 pair of gloves (worn)
Jewellery
 F - a ring of fire
 L - a ring of flight (left hand)
Wands
 t - a wand of charming (1)
 z - a wand of flame (25)
Scrolls
 f - 2 scrolls of immolation
 i - 2 scrolls of magic mapping
 k - 2 scrolls of brand weapon
 m - 3 scrolls of identify {@r1}
 r - 3 scrolls of enchant weapon
Potions
 b - 3 potions of curing {@q1}
 j - a potion of flight
 n - 3 potions of brilliance
 o - a potion of magic
 q - a potion of mutation
 u - a potion of ambrosia
 x - 2 potions of attraction

Dungeon Overview and Level Annotations

Branches:
Dungeon (12/15)            Temple (1/1) D:6            Lair (1/5) D:8
    Orc (0/2) D:12        Ossuary (visited)

Altars:
Ashenzari
Cheibriados
Dithmenos
Fedhas
Gozag
Kikubaaqudgha
Makhleb
Nemelex Xobeh
Okawaru
Ru
Sif Muna
Trog
Uskayaw
Vehumet
Wu Jian
Yredelemnul

Shops:
D:4 *

Annotations:
D:6 1 runed translucent door, Crazy Yiuf
D:7 1 runed translucent door, karrick's ghost, novice GrFi
D:11 Fannar

# ....... ....# ##
.......##...### ..
..............# ..
#......# ......
##....## .........
#....### .........
#......# ........#
#....u># ........#
##...@.# .......u###
#...###
..........###$.######
..........#.....##..#
...........[........#
............#......##
............#...##..#
............#.###..###
......###..#....<....#


You could see a white ugly thing.


Message History

The purple ugly thing barely misses your butterfly.
Your butterfly is engulfed in blazing flames.
Your butterfly dies!
Your butterfly disappears in a burst of colours!
The fire elemental barely misses your butterfly.
The deep elf pyromancer gestures wildly while chanting.
The deep elf pyromancer blinks!
The fire elemental hits your butterfly.
Your butterfly dies!
Your butterfly disappears in a burst of colours!
The purple ugly thing is engulfed in blazing flames.
There is a stone staircase leading up here.
The fire elemental hits your butterfly.
Your butterfly dies!
Your butterfly disappears in a burst of colours!
The deep elf pyromancer mumbles some strange words.
You fly upwards.
Your summoned ally is left behind.
Level annotation: Fannar The white ugly thing barely misses you.
The white ugly thing headbutts you but does no damage.
There is a stone staircase leading down here.
Okay, then.
Unknown command.
Okay, then.
The white ugly thing attacks as you move away!
The white ugly thing headbutts you.
* * * LOW HITPOINT WARNING * * *
The white ugly thing freezes you!!
You die...
Kikubaaqudgha rasps: "You have failed me!
Welcome... death!"

Skill      XL: |  1  2  3  4  5  6  7  8  9 10 11 |
---------------+----------------------------------+-----
Staves         | 3 5 6 7 9 11 12 14 | 14.0
Dodging        | 3 4 |  4.9
Armour         | 3 |  3.6
Necromancy     | 4 9 |  9.2
Fighting       | 4 8 |  8.0
Throwing       | |  1.7

Action                     |  1- 3 |  4- 6 |  7- 9 | 10-12 || total
---------------------------+-------+-------+-------+-------++-------
  Melee: Quarterstaff      |    39 |   161 |   428 |   497 ||  1125
         Headbutt          |       |       |    52 |   118 ||   170
  Evoke: Wand              |       |       |       |     6 ||     6
    Use: Scroll            |     5 |     6 |    13 |     9 ||    33
         Potion            |     1 |       |     3 |     4 ||     8
   Stab: Sleeping          |     1 |     4 |     1 |       ||     6
 Armour: Leather armour    |     6 |    71 |     7 |       ||    84
         Ring mail         |       |       |    80 |    87 ||   167
         Skin              |       |       |     8 |       ||     8
  Dodge: Dodged            |    18 |   111 |   131 |   125 ||   385

Levels and vault maps discovered:
D:1:      lightli_arrival_statue_moat, layout_loops_ring, serial_forest,
          infiniplex_forest_straight_1, infiniplex_forest_lined_4_way,
          infiniplex_forest_pool, infiniplex_forest_end_1,
          infiniplex_forest_end_2, infiniplex_forest_end_1,
          infiniplex_forest_corner_1, infiniplex_forest_lined_ring,
          infiniplex_forest_lined_room_2, ebering_ecumenical_altar_petrified,
          minmay_misc_feat_square
D:2:      layout_loops_ring, uniq_sigmund
D:3:      layout_loops_ring, chequers_hall_statues_wall_a,
          kennysheep_cluttered_room
D:4:      layout_basic, makhleb_heckhound_becter, mainiacjoe_overflow_chevrons,
          serial_shops, shop_coins, minivault_25, uniq_eustachio
D:5:      layout_basic, grunt_tough_drop, uniq_edmund
D:6:      layout_basic, nicolae_overflow_hidden_temple,
          nicolae_ru_path_of_blood, temple_statues, uniq_blork_the_orc,
          uniq_crazy_yiuf_cottage
D:7:      layout_basic, hellmonk_ghost_happy_afterlife
D:8:      layout_basic, david_lair_generic, nicolae_ossuary_entry_catacombs
D:9:      layout_cross, lemuel_round_altar
D:10:     layout_loops_cross, minivault_22, uniq_lodul
D:11:     layout_cave_pools, uniq_fannar
D:12:     layout_rooms, orc_0_dummy
Temple:   minmay_crystal_spiral_temple
Lair:1:   layout_long_grid, minmay_stone_trees_small

Notes
Turn   | Place    | Note
-------+----------+-------------------------------------------
     0 | D:1      | demibob the Demonspawn Gladiator began the quest for the
                  | Orb.
     0 | D:1      | Reached XP level 1. HP: 16/16 MP: 1/1
    93 | D:1      | Reached skill level 3 in Staves
   194 | D:1      | Gained mutation: You are partially covered in rugged brown
                  | scales. (AC +1, +3% HP) [demonic ancestry]
   194 | D:1      | Reached XP level 2. HP: 16/22 MP: 2/2
   291 | D:1      | Found a faded altar of an unknown god.
  1223 | D:2      | Noticed Sigmund
  1271 | D:2      | HP: 2/22 [Sigmund/puff of flame (2)]
  1272 | D:2      | Killed Sigmund
  1273 | D:2      | Reached skill level 5 in Staves
  1273 | D:2      | Reached XP level 3. HP: 3/27 MP: 3/3
  1273 | D:2      | Reached XP level 4. HP: 4/33 MP: 4/4
  1273 | D:2      | Reached XP level 5. HP: 5/39 MP: 5/5
  1744 | D:2      | Identified the +1 pair of gloves of Yredelemnul's Anger
                  | {*Corrode rF+ rN+ SInv}
  2152 | D:3      | Reached skill level 6 in Staves
  2376 | D:3      | Gained mutation: You regenerate a little health from kills.
                  | [demonic ancestry]
  2376 | D:3      | Reached XP level 6. HP: 42/45 MP: 6/6
  2856 | D:4      | Found a burning altar of Makhleb.
  2943 | D:4      | Found an iron altar of Okawaru.
  3067 | D:4      | Noticed Eustachio
  3089 | D:4      | Killed Eustachio
  3090 | D:4      | Reached skill level 7 in Staves
  3369 | D:4      | Gained mutation: You regenerate health from kills. [demonic
                  | ancestry]
  3369 | D:4      | Reached XP level 7. HP: 51/51 MP: 7/7
  3372 | D:4      | Found Cizit's Assorted Antiques.
  3601 | D:4      | Identified a scroll of acquirement
  3601 | D:4      | Acquired a +3 quarterstaff of speed
  3742 | D:5      | Entered Level 5 of the Dungeon
  4176 | D:5      | Reached skill level 8 in Staves
  4199 | D:5      | Noticed Edmund
  4264 | D:5      | Killed Edmund
  4664 | D:5      | Noticed a wyvern
  4674 | D:5      | Killed a wyvern
  4675 | D:5      | Reached skill level 9 in Staves
  4675 | D:5      | Gained mutation: You are mostly covered in rugged brown
                  | scales. (AC +2, +5% HP) [demonic ancestry]
  4675 | D:5      | Reached XP level 8. HP: 47/58 MP: 8/8
  4835 | D:6      | Found a sacrificial altar of Ru.
  4916 | D:6      | Noticed Blork the orc
  4927 | D:6      | Reached skill level 10 in Staves
  4936 | D:6      | Killed Blork the orc
  5074 | D:6      | Found a staircase to the Ecumenical Temple.
  5162 | Temple   | Entered the Ecumenical Temple
  5292 | Temple   | Became a worshipper of Kikubaaqudgha
  5399 | D:6      | Found a shimmering blue altar of Sif Muna.
  5405 | D:6      | Reached skill level 11 in Staves
  5436 | D:6      | Gained mutation: You have a pair of small horns on your
                  | head. [demonic ancestry]
  5436 | D:6      | Reached XP level 9. HP: 58/64 MP: 9/9
  5647 | D:6      | Found a runed translucent door.
  5648 | D:6      | Noticed Crazy Yiuf
  6088 | D:7      | Reached skill level 3 in Dodging
  6170 | D:7      | Noticed karrick's ghost (novice GrFi)
  6173 | D:7      | Found a runed translucent door.
  6258 | D:7      | Reached skill level 1 in Armour
  6477 | D:7      | Noticed a two-headed ogre
  6504 | D:7      | Killed a two-headed ogre
  6505 | D:7      | Reached skill level 12 in Staves
  6505 | D:7      | Reached skill level 3 in Armour
  6531 | D:7      | Reached * piety under Kikubaaqudgha
  6531 | D:7      | Received a gift from Kikubaaqudgha
  6948 | D:8      | Found a sand-covered staircase.
  6959 | Ossuary  | Entered an ossuary
  7171 | Ossuary  | Reached ** piety under Kikubaaqudgha
  7339 | D:8      | Found a staircase to the Lair.
  7339 | D:8      | Noticed an elephant
  7357 | D:8      | Killed an elephant
  7358 | D:8      | Gained mutation: You have a pair of horns on your head.
                  | [demonic ancestry]
  7358 | D:8      | Reached XP level 10. HP: 70/70 MP: 10/10
  7363 | D:8      | Reached skill level 13 in Staves
  7390 | D:8      | Noticed a two-headed ogre
  7787 | D:8      | Noticed a two-headed ogre
  7799 | D:8      | Killed a two-headed ogre
  8118 | D:8      | HP: 5/70 [something (10)]
  8641 | Lair:1   | Entered Level 1 of the Lair of Beasts
  8651 | Lair:1   | Reached skill level 14 in Staves
  8664 | Lair:1   | Reached skill level 1 in Necromancy
  8722 | Lair:1   | Reached skill level 3 in Fighting
  8722 | Lair:1   | Reached skill level 2 in Necromancy
  8740 | Lair:1   | Reached skill level 3 in Necromancy
  8813 | Lair:1   | Noticed a cane toad
  8826 | Lair:1   | Noticed a black mamba
  8842 | Lair:1   | Killed a black mamba
  8843 | Lair:1   | Reached skill level 4 in Fighting
  8843 | Lair:1   | Reached skill level 4 in Necromancy
  8979 | Lair:1   | Noticed a death yak
  8979 | Lair:1   | Noticed a death yak
  8980 | Lair:1   | Noticed a death yak
  9213 | D:9      | Reached *** piety under Kikubaaqudgha
  9213 | D:9      | Received a gift from Kikubaaqudgha
  9214 | D:9      | Gained mutation: You have a pair of large horns on your
                  | head. [demonic ancestry]
  9214 | D:9      | Reached XP level 11. HP: 74/81 MP: 11/11
  9222 | D:9      | Reached skill level 5 in Fighting
  9237 | D:9      | Reached skill level 5 in Necromancy
  9308 | D:9      | Found a sparkling altar of Nemelex Xobeh.
  9628 | D:10     | Entered Level 10 of the Dungeon
  9676 | D:10     | Noticed Lodul
  9813 | D:10     | Killed Lodul
  9814 | D:10     | Reached skill level 6 in Necromancy
  9822 | D:10     | Reached skill level 6 in Fighting
 10428 | D:10     | Reached skill level 7 in Necromancy
 10717 | D:10     | Reached **** piety under Kikubaaqudgha
 10726 | D:10     | Reached skill level 7 in Fighting
 10990 | D:11     | Reached skill level 8 in Necromancy
 11030 | D:11     | Reached skill level 8 in Fighting
 11178 | D:11     | Noticed Fannar
 11456 | D:11     | Noticed a white ugly thing
 11491 | D:12     | Reached skill level 9 in Necromancy
 11662 | D:12     | Found a staircase to the Orcish Mines.
 11787 | D:12     | Reached skill level 4 in Dodging
 11793 | D:12     | Reached XP level 12. HP: 52/96 MP: 12/12
 12056 | D:11     | Mangled by a white ugly thing

Vanquished Creatures
  2 two-headed ogres
  Lodul (D:10)
  A manticore (D:12)
  2 cyclopes
  An elephant (D:8)
  A cane toad (D:8)
  A black mamba (Lair:1)
  An unseen horror (D:11)
  A komodo dragon (D:10)
  A freezing wraith (D:12)
  2 hornets
  2 trolls (D:10)
  4 blink frogs (Lair:1)
  2 wyverns
  A wraith (D:11)
  Sigmund (D:2)
  20 yaks
  A vampire (D:9)
  Eustachio (D:4)
  6 vampire mosquitoes
  2 steam dragons (D:8)
  Edmund (D:5)
  5 water moccasins
  4 ice beasts
  3 orc warriors
  2 sky beasts
  2 black bears (D:8)
  10 ogres
  5 centaurs
  A phantom (D:5)
  Blork the orc (D:6)
  A gnoll sergeant (D:10)
  2 necrophages (D:6)
  5 bullfrogs
  2 elf skeletons (D:8)
  3 killer bees (D:10)
  2 howler monkeys (D:9)
  3 centaur zombies (Ossuary)
  5 hounds
  4 orc priests
  3 jellies
  2 human zombies (Ossuary)
  A human skeleton (D:8)
  6 hell rats (Lair:1)
  9 orc wizards
  2 mummies (Ossuary)
  8 gnolls
  9 adders
  2 white imps
  An ufetubus (D:5)
  An adder zombie (Ossuary)
  A worm (D:2)
  3 dart slugs
  42 orcs
  9 endoplasms
  3 giant cockroaches
  2 goblins
  5 hobgoblins
  8 kobolds
  4 quokkas
  4 ball pythons
  4 bats
  6 frilled lizards
  2 goblin zombies (Ossuary)
  16 hobgoblin zombies (Ossuary)
  A jackal zombie (Ossuary)
  5 kobold zombies (Ossuary)
  3 orc skeletons (D:8)
  6 orc zombies (Ossuary)
  4 rats
  A rat zombie (Ossuary)
288 creatures vanquished.

Vanquished Creatures (collateral kills)
  A bullfrog (D:8)
  A gnoll bouda (D:8)
  3 gnolls (D:8)
5 creatures vanquished.

Vanquished Creatures (others)
  A two-headed ogre (D:8)
  An orc wizard (D:6)
  A gnoll (D:8)
  A fungus (Lair:1)
  3 plants (Lair:1)
7 creatures vanquished.

Grand Total: 300 creatures vanquished

Table legend: (Time is in decaauts)
 A = Elapsed time spent in this place.
 B = Non-inter-level travel time spent in this place.
 C = Inter-level travel time spent in this place.
 D = Time resting spent in this place.
 E = Time spent auto-exploring this place.
 F = Levels seen in this place.
 G = Mean time per level.
                   A        B        C        D        E       F      G
               +--------+--------+--------+--------+--------+-----+--------+
         Total |  11522 |  10805 |    717 |   1301 |   7640 |  15 |  768.1 |
       Dungeon |  10803 |  10157 |    646 |   1244 |   7273 |  12 |  900.2 |
        Temple |    195 |    130 |     65 |      0 |    115 |   1 |  195.0 |
          Lair |    311 |    306 |      5 |     53 |    156 |   1 |  311.0 |
       Ossuary |    211 |    211 |      0 |      4 |     96 |   1 |  211.0 |
               +--------+--------+--------+--------+--------+-----+--------+

Top non-repeatable levels by time:
     D:8: 1566 daAuts
     D:1: 1333 daAuts
    D:10: 1102 daAuts
     D:5: 1018 daAuts
     D:4: 909 daAuts
     D:6: 908 daAuts
     D:7: 887 daAuts
     D:3: 887 daAuts
     D:9: 620 daAuts
     D:2: 617 daAuts
    D:12: 541 daAuts
    D:11: 411 daAuts
  Lair:1: 311 daAuts
 Ossuary: 211 daAuts
  Temple: 195 daAuts

Table legend:
 A = Non-vault XP
 B = Vault XP
 C = Vault XP percentage of total XP
 D = Non-vault monster count
 E = Vault monster count
 F = Vault count percentage of total count
                 A         B        C        D         E       F
            +---------+---------+-------+---------+---------+-------
      Total |   19034 |    3966 |  17.2 |     228 |      65 |  22.2
            +---------+---------+-------+---------+---------+-------
        D:1 |      19 |       0 |   0.0 |      12 |       0 |   0.0
        D:2 |      26 |     214 |  89.2 |      15 |       1 |   6.2
        D:3 |     157 |       0 |   0.0 |      27 |       0 |   0.0
        D:4 |      96 |     236 |  71.1 |      16 |       2 |  11.1
        D:5 |     690 |     171 |  19.9 |      23 |       2 |   8.0
        D:6 |    1333 |     100 |   7.0 |      20 |       1 |   4.8
        D:7 |    1726 |       0 |   0.0 |      19 |       0 |   0.0
        D:8 |    2322 |    1109 |  32.3 |      14 |      10 |  41.7
        D:9 |    1627 |       0 |   0.0 |      10 |       0 |   0.0
       D:10 |    2514 |    1839 |  42.2 |      28 |      10 |  26.3
       D:11 |    4235 |       0 |   0.0 |      21 |       0 |   0.0
       D:12 |    2291 |       0 |   0.0 |       9 |       0 |   0.0
     Lair:1 |    1998 |       0 |   0.0 |      14 |       0 |   0.0
    Ossuary |       0 |     297 | 100.0 |       0 |      39 | 100.0
            +---------+---------+-------+---------+---------+-------
